Map: Fisuras a Korhal

Players

VilugArZa

  • Race: Terran Terran

insanebot

  • Race: Zerg Zerg

VOD

Have the link to the VOD?

Description

Time

  • Played on: March 11, 2025, 3:47 p.m.
  • Length: 23:04
Show
View Real Time Build Order
Export as new Build Order

VilugArZa Terran 

Build Orders:  

Get SALT Encoding   

  12  0:03  SCV  
  13  0:11  SCV  
  13  0:19  SCV  
  15  0:35  Supply Bunker  
  15  0:44  Refinery  
  15  0:54  Refinery  
  15  0:55  SCV  
  16  1:03  SCV  
  17  1:11  SCV  
  17  1:19  SCV  
  19  1:27  SCV  
  20  1:35  SCV  
  21  1:43  SCV  
  22  1:51  SCV  
  22  1:56  Dominion Trooper x6, Supply Bunker  
  29  2:05  SCV  
  30  2:13  SCV  
  31  2:33  SCV  
  31  2:37  Command Center  
  32  2:41  SCV  
  32  2:49  SCV  
  34  2:57  SCV  
  35  3:03  Dominion Trooper x2  
  35  3:05  SCV  
  35  3:07  Dominion Trooper x5  
  35  3:08  Dominion Trooper x3  
  36  3:13  SCV  
  36  3:16  SCV x5  
  36  3:17  SCV x5  
  37  3:21  SCV  
  38  3:33  SCV  
  39  3:43  Supply Bunker  
  39  3:48  Supply Bunker  
  39  4:03  SCV  
  40  4:11  SCV  
  40  4:17  SCV  
  40  4:19  SCV  
  43  4:27  SCV  
  44  4:35  SCV  
  44  4:39  Dominion Trooper x6, Supply Bunker  
  51  4:40  Command Center  
  51  4:43  SCV  
  51  4:45  Refinery  
  52  4:51  SCV  
  52  4:54  SCV  
  52  4:59  SCV  
  55  5:02  SCV  
  55  5:05  Refinery  
  55  5:07  SCV  
  57  5:10  SCV  
  57  5:15  SCV  
  57  5:18  SCV, Command Center  
  60  5:22  SCV  
  60  5:26  SCV  
  62  5:30  SCV  
  62  5:32  Barracks  
  62  5:34  SCV  
  62  5:38  SCV  
  65  5:42  SCV  
  65  5:46  SCV  
  67  5:50  SCV  
  67  5:54  SCV  
  67  5:57  Dominion Trooper x4  
  67  5:58  SCV, Dominion Trooper x10  
  67  5:59  Dominion Trooper x4  
  70  6:02  SCV  
  70  6:07  SCV  
  72  6:10  SCV  
  72  6:15  SCV  
  72  6:18  SCV  
  75  6:23  SCV  
  76  6:41  SCV  
  76  6:42  SCV x6  
  76  6:43  SCV x12  
  76  6:44  SCV  
  76  6:49  SCV  
  79  6:50  SCV  
  79  6:53  Factory  
  79  6:57  SCV  
  79  6:58  SCV  
  82  7:05  SCV  
  82  7:06  SCV  
  84  7:13  SCV x2  
  84  7:15  SCV  
  87  7:21  SCV x2  
  87  7:23  SCV  
  87  7:29  SCV x2  
  98  7:31  SCV  
  98  7:34  Dominion Trooper x6, Supply Bunker  
  99  7:56  Siege Tank  
  105  8:09  Starport  
  105  8:16  Starport  
  105  8:26  SCV  
  105  8:27  SCV x2  
  108  8:34  SCV  
  108  8:35  SCV x2  
  108  8:38  Supply Bunker  
  111  8:40  Supply Bunker  
  111  8:41  Supply Bunker  
  111  8:42  SCV, Siege Tank, Supply Bunker  
  111  8:43  SCV x2, Supply Bunker  
  111  8:45  Supply Bunker  
  114  8:50  SCV x2, Supply Bunker  
  114  8:51  SCV  
  114  8:58  SCV x2  
  114  8:59  SCV  
  120  9:06  SCV x2  
  120  9:07  SCV  
  123  9:14  SCV x3  
  117  9:55  Dominion Trooper x23  
  117  9:56  Dominion Trooper x23  
  117  9:57  Dominion Trooper x3, Medivac  
  117  9:58  Medivac  
  121  10:08  SCV x2  
  121  10:09  SCV  
  124  10:16  SCV x2  
  124  10:17  SCV  
  124  10:18  Medivac  
  124  10:19  Medivac  
  131  10:24  SCV x3  
  134  10:31  SCV  
  134  10:32  SCV x2  
  134  10:37  Dominion Trooper x5  
  134  10:38  Dominion Trooper x4  
  134  10:39  SCV, Imperial Witness x2  
  140  10:40  SCV x2  
  140  10:47  SCV  
  140  10:48  SCV x2  
  147  10:55  SCV x2  
  147  10:56  SCV  
  147  10:58  Engineering Bay  
  150  11:00  Engineering Bay  
  150  11:03  SCV x2  
  150  11:04  SCV  
  150  11:09  Medivac x2, Engineering Bay  
  157  11:15  Fusion Core  
  150  11:30  Medivac x2  
  150  11:31  SCV x3  
  150  11:38  SCV  
  150  11:39  SCV x2  
  143  11:46  SCV  
  143  11:47  SCV x2  
  131  11:51  Medivac x2  
  131  11:54  SCV  
  131  11:55  SCV x2  
  138  12:02  SCV  
  138  12:03  SCV x2  
  141  12:10  SCV x2  
  141  12:11  SCV  
  141  12:18  SCV x2  
  141  12:19  SCV  
  151  12:23  Battlecruiser  
  151  12:26  SCV  
  157  12:34  SCV x2  
  157  12:35  SCV  
  160  12:42  SCV x2  
  160  12:43  SCV  
  163  12:50  SCV x3, Dominion Trooper x4  
  163  12:51  Dominion Trooper x31  
  163  12:52  Dominion Trooper x27  
  166  13:02  Terran Infantry Weapons Level 1, Terran Infantry Armor Level 1  
  166  13:03  Orbital Trooper Pods  
  166  13:44  SCV x2  
  166  13:45  SCV  
  169  13:52  SCV x2  
  169  13:53  SCV  
  172  14:00  SCV x2  
  172  14:01  SCV  
  172  14:03  Neosteel Armor  
  142  14:29  SCV x2  
  144  14:30  SCV  
  144  14:37  SCV x2  
  144  14:38  SCV  
  132  14:43  Medivac x2  
  132  14:45  SCV x2  
  132  14:46  SCV  
  133  14:53  SCV x2  
  133  14:54  SCV  
  119  15:01  SCV x2  
  119  15:02  SCV  
  119  15:08  SCV  
  119  15:09  SCV  
  124  15:10  SCV  
  124  15:16  SCV  
  124  15:17  SCV x2  
  128  15:24  SCV  
  128  15:27  SCV  
  128  15:28  SCV  
  131  15:32  SCV  
  131  15:33  Aim-assist Embrasures  
  131  15:35  SCV  
  131  15:36  SCV  
  134  15:40  SCV  
  134  15:42  Hemispheric Acceleraants  
  134  15:43  SCV x2  
  134  15:47  Medivac x2  
  134  15:48  SCV  
  142  15:51  SCV x2  
  142  15:56  SCV  
  144  16:08  Medivac x2  
  138  16:21  SCV  
  138  16:22  SCV x2  
  138  16:29  SCV  
  142  16:30  SCV x2  
  142  16:33  Dominion Trooper x13  
  142  16:34  Dominion Trooper x21  
  142  16:35  Dominion Trooper x4  
  142  16:37  SCV  
  142  16:38  SCV x2  
  147  16:45  SCV  
  147  16:46  SCV x2  
  150  16:53  SCV  
  150  16:54  SCV x2  
  150  16:55  Armory  
  153  17:00  Dual Resuscitators  
  153  17:01  SCV  
  153  17:02  SCV x2  
  153  17:09  SCV  
  157  17:43  SCV  
  157  17:44  SCV x2, Imperial Witness x2  
  159  17:51  SCV  
  159  17:52  SCV x2  
  159  17:59  SCV  
  163  18:00  SCV x2, Field-Assist Targeting System  
  163  18:07  SCV  
  163  18:08  SCV x2  
  125  18:15  SCV x3  
  121  18:23  SCV x3  
  124  18:31  SCV x3  
  124  18:39  SCV x3  
  130  18:40  Dominion Trooper  
  130  18:41  Dominion Trooper x10  
  130  18:46  SCV  
  130  18:47  SCV x2  
  130  18:49  Terran Infantry Armor Level 2, Terran Infantry Weapons Level 2  
  133  18:54  SCV  
  133  18:55  SCV x2  
  136  19:02  SCV  
  136  19:03  SCV x2  
  136  19:04  Dominion Trooper x4  
  136  19:05  Dominion Trooper x27  
  136  19:06  Dominion Trooper x14  
  139  19:10  SCV  
  139  19:11  SCV x2  
  142  20:06  SCV  
  142  20:07  SCV x2  
  143  20:14  SCV  
  143  20:15  SCV x2  
  142  20:22  SCV  
  142  20:23  SCV x2  
  140  20:30  SCV  
  140  20:31  SCV x2  
  140  20:38  SCV  
  140  20:39  SCV x2  
  146  20:46  SCV  
  146  20:47  SCV x2  
  149  20:54  SCV  
  149  20:55  SCV x2  
  152  21:02  SCV  
  152  21:03  SCV x2  
  155  21:10  SCV  
  155  21:11  SCV x2  
  155  21:18  SCV  
  155  21:19  SCV x2  
  159  22:05  Medivac  
  159  22:06  Medivac  
  163  22:12  SCV x3  
  166  22:20  SCV x3  
  166  22:26  Medivac  
  166  22:27  Medivac  
  166  22:28  SCV x3  
  176  22:35  SCV  
  176  22:36  SCV x2  
Show
View Real Time Build Order
Export as new Build Order

insanebot Zerg 

Build Orders:  

Get SALT Encoding   

  12  0:04  Infested SCV  
  13  0:13  Infested Colonist Compound  
  13  0:14  Infested SCV  
  13  0:18  Infested SCV  
  15  0:32  Overlord  
  15  0:45  Overlord  
  15  0:59  Infested SCV  
  16  1:06  Infested SCV  
  17  1:14  Infested Barracks  
  17  1:21  Infested SCV  
  17  1:26  Infested Refinery  
  18  1:33  Infested Refinery  
  18  1:38  Infested SCV  
  19  1:53  Infested SCV  
  20  2:11  Infested SCV  
  21  2:20  Infested Colonist Compound  
  21  2:31  Infested Bunker  
  21  2:36  Infested SCV  
  26  2:45  Infested Marine  
  26  2:46  Infested Marine x4  
  29  3:11  Infestation Level 1  
  29  3:12  Infested SCV  
  29  3:13  Infested SCV x2  
  31  3:47  Overlord  
  31  3:50  Overlord  
  31  4:33  Infested Barracks Tech Lab, Infested Factory  
  31  4:34  Infested Engineering Bay  
  31  4:36  Infested SCV x2  
  33  4:53  Infested Bunker  
  35  5:20  Infestation Level 2  
  35  5:40  Infested Armory  
  35  6:56  Infested SCV x3  
  38  7:02  Infested Refinery  
  38  7:03  Infested Command Center  
  38  7:07  Infested Refinery  
  38  7:08  Plagued Munitions  
  38  7:17  Infested Engineering Bay  
  38  7:31  Overlord x2  
  38  7:39  Anaerobic Enhancement  
  38  8:17  Infested SCV x2  
  40  8:27  Infested SCV x2  
  42  8:38  Retinal Augmentation  
  42  8:39  Infestation Level 3  
  42  9:21  Infested Armory  
  42  9:22  Infested SCV  
  42  9:23  Infested SCV x4  
  42  9:28  Infested SCV x3  
  50  9:30  Infested SCV  
  50  9:33  Infested SCV  
  52  10:02  Infested SCV  
  52  10:03  Infested SCV  
  52  10:07  Stukov Infantry Armor Level 1, Stukov Infantry Weapons Level 1  
  54  10:11  Overlord x2  
  54  10:36  Infested SCV  
  54  10:37  Infested SCV  
  54  10:39  Broodling Gestation  
  60  10:50  Infested Bunker  
  60  11:34  Infested Bunker  
  60  11:35  Infested Bunker  
  60  11:39  Infested Barracks  
  68  11:43  Infested Factory  
  68  12:30  Stukov Vehicle and Ship Armor Level 1, Stukov Vehicle and Ship Weapons Level 1  
  68  12:33  Overlord  
  68  12:34  Overlord  
  72  12:42  Infested Bunker x2  
  72  12:43  Infested Factory Tech Lab  
  76  12:59  Infested Bunker  
  80  13:47  Aggressive Incubation  
  80  13:48  Overlord  
  80  13:49  Overlord  
  80  13:50  Overseer x2  
  80  13:52  Stukov Infantry Armor Level 2, Stukov Infantry Weapons Level 2  
  80  14:08  Infested Colonist Compound  
  80  14:13  Infested Bunker  
  88  14:21  Infested Bunker  
  88  14:34  Infested Bunker  
  92  14:47  Unknown  
  92  15:47  Infested Bunker  
  92  15:49  Infested Bunker x3  
  92  15:50  Infested Bunker x3  
  92  15:51  Infested Bunker  
  92  15:52  Infested Bunker  
  92  15:54  Stukov Vehicle and Ship Armor Level 2, Stukov Vehicle and Ship Weapons Level 2  
  92  15:56  Caustic Mucus, Infested Bunker x2  
  92  16:04  Overlord x2  
  92  16:05  Overlord x3  
  92  16:06  Infested Factory  
  92  17:03  Stukov Infantry Armor Level 3, Stukov Infantry Weapons Level 3  
  92  17:26  Saturated Cultures  
  92  17:33  Overlord x2  
  92  17:34  Overlord x3  
  92  17:36  Infested Diamondback x2  
  92  17:37  Infested Diamondback x4  
  92  17:38  Infested Diamondback x2  
  116  18:09  Infested Diamondback x3  
  125  18:32  Infested Diamondback x2  
  131  19:27  Infested Diamondback  
  131  19:28  Infested Diamondback x4  
  146  20:08  Infested Diamondback  
  146  20:09  Infested Diamondback  
  152  21:14  Infested Diamondback x5  
  152  21:15  Infested Diamondback  
  143  21:45  Infested Diamondback x3  
  152  22:22  Infested Diamondback x2  
  152  22:23  Infested Diamondback  
Tags
 
Add a new tag
Caveats
  • Supply blocks, unpowered buildings, or Contaminate may cause inaccurate times.
  • Supply counts are checked every 10 seconds.